Map: Blackpink LE

Players

RuFF - Winner!

  • Race: Terran Terran
  • League: Grandmaster
  • Spawn Location: 7:00

Rhizer

  • Race: Protoss Protoss
  • League: Grandmaster
  • Spawn Location: 1:00

VOD

Have the link to the VOD?

Description

Time

  • Played on: Feb. 19, 2018, 10:36 p.m.
  • Length: 10:06
Show
View Real Time Build Order
Export as new Build Order

RuFF Terran - Winner!

Build Orders: Cyclone Opening 

Get SALT Encoding   

  12  0:00  SCV  
  13  0:18  Supply Depot  
  13  0:20  SCV  
  14  0:27  Refinery  
  14  0:32  SCV  
  15  0:43  Barracks  
  15  0:46  SCV  
  16  0:58  SCV  
  17  1:06  Refinery  
  17  1:10  SCV  
  18  1:29  Marine  
  18  1:31  Factory  
  20  1:36  Orbital Command  
  19  1:49  Barracks Reactor  
  19  1:52  Supply Depot  
  19  2:02  SCV  
  20  2:14  SCV  
  21  2:21  Supply Depot  
  21  2:28  Cyclone  
  24  2:30  Cyclone  
  24  2:33  SCV  
  28  2:46  Starport  
  28  2:48  Barracks Tech Lab  
  28  2:50  SCV  
  29  3:02  SCV  
  29  3:03  Hellion  
  29  3:04  Hellion  
  34  3:30  Banshee  
  34  3:31  Cloaking Field  
  34  3:33  Hellion  
  39  4:01  Cyclone  
  38  4:07  Cyclone  
  35  4:23  Banshee  
  36  4:32  SCV  
  36  4:34  Hellion  
  36  4:35  Supply Depot  
  37  4:39  Hellion  
  39  4:56  SCV  
  40  5:09  SCV  
  41  5:18  Banshee  
  37  5:50  Cyclone x2  
  37  5:59  SCV  
  37  6:01  Banshee  
  38  6:04  Starport  
  38  6:10  Command Center  
  38  6:11  SCV  
  39  6:22  Hellion x2  
  39  6:23  SCV, Barracks Tech Lab  
  44  6:35  SCV  
  45  6:43  Hellion  
  45  6:44  Refinery x2  
  47  6:54  Hellion, Banshee, SCV  
  50  6:55  Hyperflight Rotors  
  47  7:06  SCV  
  48  7:17  Hellion x2  
  48  7:18  Banshee  
  49  7:39  SCV  
  48  8:03  Banshee x2  
  48  8:05  Hellion x2, Orbital Command  
  52  8:07  SCV  
  53  8:19  SCV  
  54  8:26  Cyclone x2  
  60  8:31  SCV  
  61  8:35  SCV  
  61  8:38  Supply Depot  
  62  8:43  Supply Depot, SCV  
  63  8:51  Banshee  
  63  8:52  Banshee  
  69  8:55  SCV  
  69  8:58  Cyclone  
  69  9:02  Cyclone, SCV  
  77  9:13  SCV  
  77  9:14  SCV  
  77  9:16  Supply Depot  
  79  9:18  Command Center  
Show
View Real Time Build Order
Export as new Build Order

Rhizer Protoss 

Build Orders: 1 Gate Expand 

Get SALT Encoding   

  12  0:00  Probe  
  13  0:12  Probe  
  14  0:18  Pylon  
  14  0:25  Probe (Chrono Boost)  
  15  0:37  Probe (Chrono Boost)  
  15  0:40  Gateway  
  16  0:45  Probe (Chrono Boost)  
  16  0:49  Assimilator  
  17  0:51  Probe  
  18  1:03  Probe  
  19  1:15  Probe  
  20  1:25  Nexus  
  20  1:36  Cybernetics Core  
  20  1:38  Probe  
  21  1:50  Probe  
  21  1:52  Assimilator  
  21  2:02  Probe, Pylon  
  22  2:10  Warp Gate (Chrono Boost)  
  22  2:14  Probe  
  23  2:18  Adept (Chrono Boost)  
  25  2:26  Probe  
  26  2:34  Shield Battery  
  26  2:37  Stalker (Chrono Boost), Probe  
  26  2:42  Robotics Facility  
  29  2:48  Probe  
  29  2:49  Probe  
  31  2:58  Stalker (Chrono Boost)  
  31  3:00  Probe  
  31  3:02  Probe  
  35  3:18  Probe  
  35  3:19  Shield Battery, Probe  
  37  3:20  Stalker (Chrono Boost)  
  39  3:31  Immortal (Chrono Boost)  
  32  4:00  Probe x2  
  27  4:11  Immortal (Chrono Boost)  
  27  4:12  Probe  
  28  4:20  Probe  
  29  4:24  Probe  
  30  4:32  Probe  
  30  4:36  Probe, Pylon  
  32  4:39  Stalker  
  32  4:43  Observer (Chrono Boost)  
  35  4:46  Pylon  
  35  4:47  Probe  
  35  4:48  Probe  
  37  4:59  Probe  
  36  5:03  Observer (Chrono Boost)  
  36  5:13  Stalker  
  35  5:16  Probe  
  35  5:26  Gateway  
  35  5:38  Stalker  
  32  5:44  Probe  
  30  5:54  Probe  
  31  6:07  Probe  
  32  6:19  Stalker  
  32  6:22  Probe  
  35  6:30  Stalker  
  35  6:42  Probe  
  35  6:45  Stalker  
  38  6:48  Probe  
  39  6:54  Probe (Chrono Boost)  
  39  7:01  Probe (Chrono Boost)  
  37  7:06  Probe (Chrono Boost)  
  37  7:07  Sentry  
  37  7:08  Sentry  
  42  7:12  Probe (Chrono Boost)  
  42  7:15  Probe (Chrono Boost)  
  44  7:17  Probe (Chrono Boost)  
  44  7:20  Probe  
  46  7:27  Probe  
  47  7:31  Stalker x2  
  51  7:48  Probe  
  51  7:50  Probe  
  41  8:00  Probe (Chrono Boost)  
  41  8:03  Probe (Chrono Boost)  
  43  8:09  Pylon  
  43  8:12  Sentry, Probe (Chrono Boost)  
  46  8:19  Pylon x2  
  46  8:24  Probe (Chrono Boost)  
  46  8:25  Probe  
  48  8:29  Warp Prism (Chrono Boost)  
  50  8:39  Gateway  
  50  8:41  Gateway  
  50  8:44  Sentry  
  50  8:48  Sentry  
  54  8:57  Observer (Chrono Boost)  
  54  9:01  Pylon  
  55  9:08  Stalker  
  57  9:12  Observer, Stalker  
  29  9:39  Stalker  
Tags
 
Add a new tag
Caveats
  • Supply blocks, unpowered buildings, or Contaminate may cause inaccurate times.
  • Supply counts are checked every 10 seconds.